Map: Echo LE (Void)

Players

Elazer

  • Race: Zerg Zerg
  • League: Master
  • Spawn Location: 5:00

SpeCial - Winner!

  • Race: Terran Terran
  • League: Grandmaster
  • Spawn Location: 11:00

Event: NationWars IV

VOD

Have the link to the VOD?

Description

Time

  • Played on: Jan. 5, 2017, 4:16 p.m.
  • Length: 9:28
Show
View Real Time Build Order
Export as new Build Order

Elazer Zerg 

Build Orders: Hatch First 

Get SALT Encoding   

  12  0:00  Drone  
  13  0:12  Overlord  
  13  0:16  Drone  
  14  0:31  Drone x2  
  14  0:34  Drone  
  17  0:52  Drone  
  17  0:54  Hatchery  
  17  0:56  Drone  
  18  1:06  Extractor  
  17  1:11  Spawning Pool  
  17  1:14  Drone  
  17  1:18  Drone  
  18  1:28  Drone  
  19  1:40  Overlord  
  19  1:58  Zergling x2, Queen  
  19  2:00  Zergling x2  
  23  2:06  Queen  
  23  2:07  Drone  
  23  2:08  Metabolic Boost  
  26  2:13  Drone  
  27  2:20  Zergling x2  
  28  2:23  Zergling x2  
  29  2:38  Queen  
  29  2:42  Zergling x6, Queen  
  35  2:49  Overlord  
  35  2:54  Zergling x2  
  36  3:18  Queen  
  38  3:22  Zergling x12  
  43  3:29  Overlord  
  43  3:44  Drone  
  44  3:48  Zergling x2  
  44  3:49  Zergling x6  
  44  3:51  Zergling x4, Hatchery  
  44  3:54  Queen  
  49  3:56  Drone  
  49  3:58  Drone  
  51  4:03  Overlord  
  51  4:11  Drone x2  
  51  4:19  Overlord  
  51  4:22  Drone x2  
  51  4:23  Drone  
  54  4:25  Drone x2  
  54  4:26  Drone  
  57  4:40  Overlord  
  56  4:48  Drone x4  
  56  4:51  Drone  
  61  4:53  Overlord  
  61  4:57  Overlord  
  61  4:58  Drone  
  61  4:59  Extractor, Drone  
  62  5:00  Drone  
  62  5:04  Drone  
  64  5:09  Queen  
  64  5:13  Overlord, Evolution Chamber  
  63  5:22  Drone x2  
  63  5:24  Drone x2, Evolution Chamber  
  63  5:27  Overlord  
  66  5:29  Zergling x6  
  69  5:40  Zerg Melee Weapons Level 1, Drone x2  
  69  5:41  Drone x3  
  74  5:45  Queen  
  74  5:47  Drone  
  78  5:50  Drone x2  
  78  5:57  Overlord  
  78  6:06  Zergling x2  
  78  6:07  Zergling x16  
  87  6:11  Zerg Ground Armor Level 1  
  87  6:14  Zergling x2  
  86  6:29  Queen  
  86  6:30  Overlord  
  86  6:31  Drone x6  
  86  6:32  Drone x2  
  94  6:33  Lair  
  94  6:34  Extractor  
  93  6:42  Drone  
  93  6:43  Baneling Nest  
  93  6:44  Drone x3  
  93  6:45  Drone  
  95  6:53  Zergling x6  
  98  6:57  Hatchery  
  97  7:02  Drone  
  97  7:03  Spore Crawler  
  97  7:04  Zergling x12  
  97  7:05  Spore Crawler  
  97  7:07  Queen  
  104  7:19  Overlord  
  104  7:22  Zergling x12  
  110  7:30  Centrifical Hooks  
  110  7:32  Baneling x4  
  110  7:33  Hatchery  
  110  7:35  Overlord  
  110  7:37  Zergling x10  
  114  7:48  Overlord  
  114  7:49  Baneling x2  
  114  7:50  Zergling x2  
  114  7:51  Zergling x10  
  117  7:55  Zergling x6  
  115  8:02  Overlord  
  113  8:11  Drone  
  113  8:12  Extractor  
  113  8:16  Drone x2  
  113  8:17  Drone  
  110  8:22  Overlord  
  110  8:25  Drone x4  
  110  8:26  Drone  
  110  8:32  Overlord  
  109  8:35  Zergling x10  
  111  8:51  Zergling x2  
  111  8:52  Zergling x8  
  111  8:55  Zergling x16  
  92  9:02  Zergling x2  
  92  9:03  Zergling x6  
Show
View Real Time Build Order
Export as new Build Order

SpeCial Terran - Winner!

Build Orders: MMM Bio 

Get SALT Encoding   

  12  0:00  SCV  
  13  0:13  SCV  
  14  0:17  Supply Depot  
  14  0:25  SCV  
  15  0:39  SCV  
  16  0:43  Barracks  
  16  0:44  Refinery  
  16  0:51  SCV  
  17  1:00  Barracks  
  17  1:03  SCV  
  18  1:15  SCV  
  19  1:31  Reaper  
  19  1:32  Orbital Command  
  20  1:35  Barracks  
  20  1:47  Reaper  
  20  1:51  Supply Depot  
  20  1:53  Refinery  
  21  1:57  SCV  
  22  2:06  Reaper  
  23  2:13  SCV  
  24  2:20  Reaper  
  25  2:25  SCV  
  25  2:29  Supply Depot  
  26  2:32  Reaper  
  27  2:37  SCV  
  27  2:42  Reaper  
  29  2:49  SCV  
  30  2:55  Command Center  
  29  2:58  Reaper  
  29  3:01  SCV  
  29  3:04  Reaper  
  32  3:13  SCV  
  32  3:14  Reaper  
  34  3:25  SCV  
  35  3:33  Command Center, Reaper  
  36  3:36  Reaper  
  36  3:37  SCV  
  38  3:50  SCV  
  39  4:06  Barracks Tech Lab  
  39  4:07  Orbital Command, SCV  
  41  4:12  Supply Depot  
  41  4:13  Barracks Reactor  
  41  4:14  Barracks Reactor  
  40  4:19  SCV  
  40  4:24  Engineering Bay x2  
  41  4:25  Combat Shields, Marine  
  42  4:31  SCV  
  42  4:37  SCV  
  44  4:42  Marine  
  44  4:43  SCV  
  46  4:50  SCV  
  46  4:51  Marine x4  
  51  4:53  Factory  
  51  4:57  Orbital Command  
  51  4:58  SCV  
  52  5:06  Marauder  
  52  5:07  Terran Infantry Weapons Level 1  
  54  5:10  SCV x2  
  54  5:12  Marine  
  57  5:19  Terran Infantry Armor Level 1  
  57  5:21  Marine  
  57  5:22  Marine x2  
  57  5:24  SCV  
  57  5:25  SCV  
  57  5:26  SCV  
  57  5:27  Marauder  
  65  5:31  Marine, Supply Depot  
  66  5:39  Marine  
  66  5:40  Starport, Marine x2  
  69  5:47  SCV x2  
  69  5:48  Marine  
  69  5:49  Stimpack  
  72  5:50  Marine  
  72  5:56  Barracks  
  73  5:57  Marine  
  73  5:58  Factory Reactor, Marine x2  
  73  6:00  Barracks  
  76  6:06  Marine  
  76  6:08  Marine, SCV x3  
  76  6:11  Supply Depot  
  81  6:15  Marine  
  81  6:17  Marine x2  
  84  6:23  Marine  
  85  6:29  SCV  
  85  6:32  Marine  
  86  6:33  Orbital Command, Marine  
  86  6:34  Supply Depot  
  86  6:35  Marine x2, Refinery  
  86  6:37  Refinery  
  89  6:43  Factory Reactor  
  89  6:44  Marine  
  89  6:46  Medivac  
  92  6:49  SCV  
  92  6:51  Supply Depot  
  93  6:54  Supply Depot  
  93  6:55  Barracks Reactor  
  93  6:56  SCV, Marine x4, Medivac  
  93  7:00  Barracks Reactor  
  93  7:01  SCV  
  101  7:06  Supply Depot  
  101  7:12  SCV x2  
  101  7:13  SCV  
  101  7:14  Supply Depot  
  104  7:15  Marine  
  104  7:16  Marine x2, Supply Depot  
  107  7:25  Supply Depot  
  107  7:27  Armory  
  107  7:29  Marine x2  
  108  7:31  Medivac x2  
  108  7:33  Marine x2, Widow Mine  
  108  7:35  SCV  
  108  7:36  SCV  
  108  7:37  SCV  
  119  7:38  Widow Mine  
  119  7:41  Marine  
  122  7:46  Marine  
  122  7:49  Supply Depot  
  120  7:53  Marine  
  120  7:57  SCV x2  
  123  8:01  SCV  
  123  8:04  Marine x7  
  131  8:08  Widow Mine x2  
  131  8:09  Medivac, SCV x2  
  139  8:14  SCV  
  139  8:17  Medivac  
  137  8:21  Marine  
  137  8:23  SCV  
  137  8:28  Marine x3  
  137  8:31  Supply Depot  
  140  8:34  Marine  
  140  8:35  Marine x4  
  140  8:37  SCV x3  
  140  8:39  Marine  
  147  8:52  Marine x3  
  147  8:53  Marine  
  133  9:03  Marine x2  
  133  9:05  Marine  
Tags
 
Add a new tag
Caveats
  • Supply blocks, unpowered buildings, or Contaminate may cause inaccurate times.
  • Supply counts are checked every 10 seconds.